 Dungeon Crawl Stone Soup version 0.24-a0-249-g2af7e837d0 (webtiles) character file.

Game seed: 16524427910218482635

21 Redear the Charmwright (level 2, 14/23 HPs)
             Began as a Demonspawn Skald on Apr 13, 2019.
             Quit the game on level 1 of the Dungeon.
             The game lasted 00:01:01 (320 turns).

Redear the Charmwright (Demonspawn Skald)            Turns: 320, Time: 00:01:02

Health: 14/23      AC:  3    Str: 11    XL:     2   Next: 65%
Magic:  5/5        EV: 12    Int: 14    God:
Gold:   31         SH:  0    Dex: 12    Spells: 4/5 levels left

rFire    . . .     SeeInvis .   a - +0 falchion
rCold    . . .     Gourm    .   (no shield)
rNeg     . . .     Faith    .   b - +0 leather armour
rPois    .         Spirit   .   (helmet restricted)
rElec    .         Reflect  .   (no cloak)
rCorr    .         Harm     .   (no gloves)
MR       .....                  (no boots)
Stlth    +.........             (no amulet)
HPRegen  0.07/turn              (no ring)
MPRegen  0.09/turn              (no ring)

@: no status effects
A: antennae 1
a: no special abilities


You were on level 1 of the Dungeon.
You were not hungry.

You visited 1 branch of the dungeon, and saw 1 of its levels.

You collected 31 gold pieces.

Inventory:

Hand Weapons
 a - a +0 falchion (weapon)
 g - a +2 vampiric spear
Armour
 b - a +0 leather armour (worn)
Scrolls
 c - a scroll of immolation {unknown}
 e - 3 scrolls of magic mapping {unknown}
 f - a scroll of teleportation {unknown}
Potions
 d - a potion of degeneration {unknown}
Comestibles
 z - 2 rations


   Skills:
 + Level 2.4 Fighting
 + Level 2.2 Long Blades
 - Level 0.8 Armour
 + Level 2.2 Dodging
 - Level 2.0 Spellcasting
 - Level 2.6 Charms


You had 4 spell levels left.
You knew the following spells:

 Your Spells              Type           Power        Failure   Level  Hunger
z - Infusion              Chrm           #...         11%         1    ##.....

Your spell library contained the following spells:

 Spells                   Type           Power        Failure   Level  Hunger
 Song of Slaying          Chrm           #.......     16%         2    ###....
 Shroud of Golubria       Chrm/Tloc      #.........   26%         2    ###....
 Regeneration             Chrm/Necr      #.........   47%         3    ####...
 Spectral Weapon          Hex/Chrm       #.......     47%         3    ####...


Dungeon Overview and Level Annotations

Branches:
Dungeon (1/15)

Altars:


Innate Abilities, Weirdness & Mutations

You have a pair of small antennae on your head.


Message History

You barely miss the jackal. The jackal closely misses you.
You riposte.
You closely miss the jackal. The jackal misses you.
You barely miss the jackal. The jackal misses you.
You riposte.
You hit the jackal but do no damage. You hit the jackal.
The jackal is moderately wounded.
The jackal barely misses you.
The jackal bites you but does no damage.
You barely miss the jackal.
The jackal is moderately wounded.
The jackal completely misses you.
The jackal bites you but does no damage.
You hit the jackal.
You kill the jackal!
Wear which item? (? for menu, Esc to quit)
Okay, then.
Wield which item (- for none, * to show all)? (? for menu, Esc to quit)
Okay, then.
Okay, then.
Are you sure you want to abandon this character and quit the game? (Confirm with "yes".)

#.......#.######.....
....... #.......#.#
#.............
#.......#.#
#.........⌠...
#.......#.#
#........⌠.⌠..
#.......#.# #........
... #.........####
#.. .... ...
#####........# #.#
..... ###
#...(....###.#......
###
#....(..@.†.........
...
#........##..#......
### #########....#
##### #.##.# #!.##.#
........ ....###...
... ...?


There were no monsters in sight!

Vanquished Creatures
  A dart slug (D:1)
  A leopard gecko (D:1)
  A giant cockroach (D:1)
  3 hobgoblins (D:1)
  3 jackals (D:1)
  A bat (D:1)
  A frilled lizard (D:1)
  3 goblins (D:1)
  A kobold (D:1)
  3 rats (D:1)
18 creatures vanquished.

Notes
Turn   | Place    | Note
-------+----------+-------------------------------------------
     0 | D:1      | Redear the Demonspawn Skald began the quest for the Orb.
     0 | D:1      | Reached XP level 1. HP: 16/16 MP: 3/3
    59 | D:1      | Reached skill level 2 in Long Blades
    59 | D:1      | Reached skill level 2 in Dodging
   184 | D:1      | Gained mutation: You have a pair of small antennae on your
                  | head. [demonic ancestry]
   184 | D:1      | Reached XP level 2. HP: 22/22 MP: 5/5
   320 | D:1      | Quit the game

Levels and vault maps discovered:
D:1:      wander_arrival_estate, layout_rooms

Skill      XL: |  1 |
---------------+----+-----
Long Blades    | 2 |  2.2
Dodging        | 2 |  2.2
Fighting       | |  2.4
Armour         | |  0.8
Spellcasting   | |  2.0
Charms         | |  2.6

Action                   || total
-------------------------++-------
Melee: Falchion          ||    46
 Cast: Infusion          ||     1
Armor: Leather armour    ||    16
Dodge: Dodged            ||    45
       Rpst.: Falchion   ||    19

Table legend:
 A = Non-vault XP
 B = Vault XP
 C = Vault XP percentage of total XP
 D = Non-vault monster count
 E = Vault monster count
 F = Vault count percentage of total count
                 A         B        C        D         E       F
            +---------+---------+-------+---------+---------+-------
      Total |      31 |       0 |   0.0 |      18 |       0 |   0.0
            +---------+---------+-------+---------+---------+-------
        D:1 |      31 |       0 |   0.0 |      18 |       0 |   0.0
            +---------+---------+-------+---------+---------+-------
